Map: Nightscape LE

Players

Massa

  • Race: Terran Terran
  • League: Platinum
  • Spawn Location: 7:00

qqq

  • Race: Zerg Zerg
  • League: Platinum
  • Spawn Location: 7:00

Fahrengate - Winner!

  • Race: Protoss Protoss
  • League: Platinum
  • Spawn Location: 1:00

Squer - Winner!

  • Race: Protoss Protoss
  • Spawn Location: 1:00

VOD

Have the link to the VOD?

Description

Time

  • Played on: Nov. 19, 2020, 4:34 p.m.
  • Length: 20:46
Show
View Real Time Build Order
Export as new Build Order

Massa Terran 

Build Orders: Command Center First (CC) 

Get SALT Encoding   

  12  0:00  SCV  
  13  0:13  SCV  
  14  0:22  Supply Depot  
  14  0:25  SCV  
  15  0:52  Command Center  
  15  0:56  SCV  
  16  1:08  SCV  
  16  1:10  Refinery  
  17  1:18  Barracks  
  17  1:23  SCV  
  18  1:35  SCV  
  19  1:47  SCV  
  19  1:53  Barracks  
  20  1:59  SCV  
  21  2:05  Orbital Command  
  21  2:09  Reaper  
  21  2:15  Orbital Command  
  22  2:21  Refinery  
  22  2:35  SCV  
  23  2:43  Supply Depot  
  23  2:45  SCV  
  23  2:46  Factory  
  23  2:47  SCV  
  25  2:56  Barracks Reactor  
  25  2:57  SCV  
  26  2:59  SCV  
  26  3:01  Barracks Tech Lab  
  27  3:09  SCV  
  27  3:12  SCV  
  29  3:13  Engineering Bay  
  29  3:21  SCV  
  29  3:45  Factory Tech Lab  
  29  3:47  SCV x2  
  31  3:50  Command Center  
  31  3:55  Barracks  
  31  3:59  SCV x2, Barracks  
  31  4:01  Starport  
  33  4:03  Armory  
  33  4:04  Terran Infantry Weapons Level 1  
  33  4:13  Refinery, Stimpack  
  33  4:16  Marine  
  34  4:17  Marine  
  34  4:23  SCV x2  
  37  4:28  Marauder  
  39  4:42  Marine x2  
  39  4:45  Siege Tank  
  44  4:49  Marauder  
  44  4:50  Barracks Tech Lab  
  44  4:52  Barracks Tech Lab  
  46  4:56  Refinery  
  46  5:01  Marine x2  
  48  5:07  Orbital Command, Supply Depot  
  48  5:09  SCV x2  
  48  5:13  Marauder, Marine  
  53  5:21  SCV  
  54  5:28  Marauder, Marine  
  56  5:29  Marine  
  56  5:30  Combat Shield, Supply Depot  
  56  5:31  Concussive Shells  
  56  5:32  Marauder  
  56  5:33  SCV x2  
  56  5:34  SCV, Marine  
  64  5:45  SCV x2  
  64  5:46  SCV  
  64  5:48  Missile Turret  
  67  5:53  Missile Turret, Supply Depot  
  67  5:54  Starport Reactor  
  67  5:58  Terran Infantry Armor Level 1  
  67  6:01  SCV x3, Engineering Bay  
  70  6:11  Barracks  
  70  6:12  Siege Tank  
  70  6:13  SCV  
  70  6:14  Marauder, Marine  
  70  6:15  SCV, Marauder  
  70  6:18  Orbital Command  
  80  6:25  SCV  
  80  6:32  Supply Depot  
  81  6:38  Medivac  
  83  6:40  Medivac  
  85  6:54  SCV x3  
  88  6:56  Missile Turret, Supply Depot  
  88  7:03  Terran Infantry Weapons Level 2  
  88  7:05  Terran Vehicle And Ship Armor Level 1  
  88  7:06  SCV, Siege Tank  
  92  7:14  Barracks Reactor  
  92  7:17  Medivac  
  92  7:18  Supply Depot  
  94  7:38  Marauder x2, Siege Tank  
  94  7:39  Marine x3  
  94  7:40  Command Center  
  94  7:41  Supply Depot  
  104  7:52  Supply Depot x2  
  104  7:53  Medivac x2  
  104  7:57  Marine  
  109  8:02  SCV x2, Marauder x2, Marine x2  
  109  8:04  Supply Depot  
  117  8:06  Refinery x2  
  117  8:13  SCV  
  117  8:14  SCV x2  
  117  8:15  Marine, Supply Depot  
  117  8:16  Siege Tank  
  124  8:20  Factory, Marine x2  
  124  8:26  Supply Depot  
  126  8:32  SCV x3  
  129  8:44  SCV x3  
  132  8:48  Siege Tank  
  132  8:52  Supply Depot  
  132  8:54  Barracks  
  132  8:55  Barracks  
  135  8:56  Planetary Fortress  
  135  8:59  Missile Turret  
  135  9:01  SCV x3  
  138  9:13  SCV x2  
  138  9:15  Sensor Tower, Supply Depot  
  140  9:21  Siege Tank  
  143  9:33  SCV x2  
  143  9:34  SCV x2  
  147  9:42  Barracks  
  147  9:45  SCV, Barracks  
  147  9:46  SCV x3  
  147  9:48  Command Center  
  147  9:52  Marauder x2  
  157  9:53  Marauder  
  157  9:54  Command Center  
  157  10:01  Ghost Academy  
  157  10:03  Ghost Academy  
  157  10:04  Terran Infantry Armor Level 2, Terran Infantry Weapons Level 3  
  157  10:05  Terran Vehicle And Ship Armor Level 2  
  157  10:11  Armory  
  157  10:14  Marauder x2  
  161  10:15  Refinery  
  161  10:17  Refinery  
  161  10:21  SCV x2  
  161  10:22  SCV x2  
  165  10:28  Refinery  
  165  10:30  Factory Tech Lab  
  165  10:31  Thor  
  171  10:41  Barracks Tech Lab x4  
  171  10:58  Factory  
  171  11:01  Missile Turret  
  171  11:02  Planetary Fortress  
  171  11:05  Missile Turret  
  171  11:06  Planetary Fortress  
  171  11:14  Thor  
  177  11:24  Enhanced Shockwaves  
  177  11:25  Personal Cloaking  
  177  11:30  Terran Vehicle Weapons Level 1  
  177  11:32  Medivac x2  
  181  11:39  Starport  
  181  12:01  Medivac x2, Thor x2  
  181  12:04  Drilling Claws  
  181  12:07  Smart Servos  
  180  12:43  Nuke, Marauder x6  
  180  12:44  Marauder, Thor, Siege Tank  
  156  12:51  Nuke  
  140  13:00  Factory Tech Lab  
  140  13:02  Starport Reactor  
  140  13:03  Liberator  
  140  13:04  Marauder x3, Liberator  
  150  13:09  Marauder  
  150  13:10  Marauder x3  
  150  13:11  Marine x4  
  162  13:17  Refinery, Siege Tank  
  165  13:23  Thor  
  165  13:25  Marauder  
  165  13:26  Marauder x2  
  177  13:27  Siege Tank  
  177  13:29  Marine x4  
  177  13:31  Marauder x3  
  177  13:32  Marauder  
  190  13:46  Marine x3, Liberator  
  190  13:47  Marine x4  
  200  13:53  Missile Turret  
  200  13:57  Command Center  
  200  14:12  Missile Turret  
  194  14:32  Missile Turret  
  194  14:51  Missile Turret  
  187  15:17  Fusion Core  
  187  15:22  Planetary Fortress  
  187  15:28  Thor  
  187  15:29  Thor  
  184  15:59  Medivac x4  
  171  16:24  Marauder  
  171  16:25  Marauder x6, Marine x4  
  188  16:26  Siege Tank x3  
  188  16:29  Medivac x2  
  195  16:46  Marauder x3  
  147  17:25  Viking x3  
  147  17:26  Viking  
  147  17:28  Marauder  
  147  17:29  Marauder x6, Marine x4  
  135  17:33  Siege Tank x3  
  142  17:47  Marine x4  
  142  17:49  Ghost x3  
  142  17:50  Marauder x3, Ghost  
  153  18:04  Marine  
  153  18:05  Thor x3  
  158  18:10  Ghost  
  145  18:28  SCV x3  
  147  18:40  SCV x3  
  134  18:43  Command Center  
  134  18:47  Thor  
  104  18:52  SCV  
  79  18:56  Ghost x3  
  79  18:57  Ghost  
  79  18:58  Marauder x3, Marine x3  
  79  18:59  Marine  
  79  19:01  Siege Tank x2  
  103  19:04  Medivac, Viking x2  
  103  19:05  Medivac  
  103  19:08  SCV x2  
  103  19:09  SCV  
  114  19:16  Marine x3  
  117  19:19  Marauder x3  
  117  19:20  SCV  
  117  19:21  SCV x2  
  126  19:31  Siege Tank  
  129  19:33  Command Center, Siege Tank x2  
  129  19:34  Medivac, Viking x2  
  129  19:35  Medivac  
  143  19:43  Command Center  
  123  20:09  Marauder x3, Marine  
  123  20:10  Marauder x2  
Show
View Real Time Build Order
Export as new Build Order

qqq Zerg 

Build Orders: Hatch First, Lurkers 

Get SALT Encoding   

  12  0:02  Drone  
  13  0:11  Drone  
  14  0:27  Overlord  
  14  0:56  Hatchery  
  13  1:01  Drone  
  13  1:02  Drone x2  
  16  1:15  Drone, Spawning Pool  
  16  1:24  Drone  
  17  1:27  Extractor  
  16  1:39  Drone  
  17  1:53  Drone  
  19  2:01  Drone  
  19  2:02  Queen  
  19  2:08  Drone  
  22  2:11  Queen  
  22  2:13  Drone  
  25  2:19  Drone  
  25  2:22  Drone  
  27  2:28  Overlord  
  27  2:31  Metabolic Boost  
  27  2:39  Zergling x2  
  28  2:44  Overlord  
  28  2:49  Zergling x2  
  28  2:50  Zergling x2  
  30  2:51  Zergling x2  
  30  3:01  Zergling x2  
  30  3:02  Zergling x2  
  32  3:10  Zergling x4  
  32  3:11  Zergling x2  
  35  3:13  Zergling x2  
  35  3:17  Zergling x2  
  37  3:20  Zergling x2, Overlord  
  37  3:22  Zergling x2  
  37  3:24  Zergling x2  
  40  3:37  Zergling x2  
  40  3:38  Zergling x4  
  43  3:43  Lair  
  43  3:44  Zergling x2  
  43  3:46  Zergling x2  
  43  3:48  Zergling x2  
  46  3:55  Zergling x2  
  47  3:56  Zergling x2  
  47  3:59  Drone  
  47  4:08  Zergling x4  
  47  4:09  Zergling x2  
  44  4:40  Zergling x2  
  44  4:41  Drone, Zergling x4  
  44  4:42  Drone x5  
  43  5:04  Hydralisk Den  
  43  5:05  Drone x3  
  43  5:06  Extractor, Drone x2  
  46  5:16  Hatchery  
  45  5:22  Drone x2, Evolution Chamber  
  45  5:23  Drone x3, Evolution Chamber  
  48  5:32  Queen  
  48  5:33  Drone  
  51  5:38  Drone  
  51  5:41  Overlord  
  51  5:42  Overlord  
  52  5:47  Spore Crawler  
  51  5:59  Spore Crawler  
  50  6:07  Drone  
  50  6:08  Drone x2  
  50  6:09  Extractor  
  52  6:12  Extractor  
  52  6:14  Hydralisk x3  
  52  6:15  Hydralisk  
  59  6:18  Muscular Augments  
  59  6:22  Zerg Missile Weapons Level 1  
  59  6:24  Drone x2  
  61  6:31  Drone x3  
  65  6:32  Drone  
  65  6:50  Lurker Den  
  65  6:53  Drone x5  
  65  6:54  Drone  
  70  6:55  Spore Crawler  
  69  7:02  Drone, Spore Crawler  
  69  7:03  Queen  
  69  7:06  Overseer  
  71  7:09  Drone x2  
  71  7:12  Overlord  
  71  7:13  Overlord x2  
  73  7:19  Zerg Ground Armor Level 1  
  73  7:20  Drone  
  74  7:30  Grooved Spines  
  74  7:32  Drone  
  75  7:41  Hatchery  
  75  7:43  Drone  
  75  7:44  Drone  
  76  7:46  Hydralisk x3  
  82  7:55  Hydralisk x3  
  82  7:56  Infestation Pit  
  82  7:57  Drone  
  88  8:02  Extractor  
  88  8:04  Extractor, Lurker  
  88  8:05  Drone  
  88  8:06  Hydralisk  
  88  8:07  Hydralisk  
  91  8:22  Hydralisk x3  
  97  8:32  Overlord x3  
  97  8:33  Overlord x3  
  97  8:46  Pneumatized Carapace  
  97  8:51  Drone  
  97  8:52  Drone x4  
  97  8:55  Hive  
  102  8:59  Spore Crawler  
  102  9:00  Zerg Missile Weapons Level 2  
  102  9:02  Hydralisk  
  103  9:04  Drone x2  
  103  9:05  Drone  
  106  9:27  Drone x2  
  106  9:28  Drone x2  
  110  9:37  Hydralisk x2  
  114  9:39  Lurker x2  
  114  9:40  Lurker x2  
  118  10:00  Zerg Melee Weapons Level 1  
  118  10:16  Drone x5  
  118  10:17  Drone x5  
  128  10:28  Hydralisk x2, Overseer  
  128  10:29  Hydralisk x2  
  128  10:31  Zergling x4  
  128  10:32  Hydralisk x2  
  128  10:34  Overlord x3  
  142  10:36  Drone x2, Hatchery  
  143  10:53  Spine Crawler x2  
  141  11:12  Ultralisk Cavern  
  141  11:16  Seismic Spines, Zerg Ground Armor Level 2  
  140  11:19  Lurker x5  
  140  11:21  Zergling x6  
  140  11:22  Zergling x12  
  140  11:23  Zergling x12  
  160  11:28  Hatchery  
  156  11:47  Spire, Lurker x2  
  156  11:48  Overlord  
  156  11:49  Overlord x7  
  156  11:50  Overlord  
  157  12:13  Adaptive Talons  
  153  12:19  Ultralisk x2  
  153  12:21  Anabolic Synthesis  
  165  12:26  Hatchery  
  116  12:49  Drone x3  
  102  12:52  Spine Crawler  
  102  12:53  Spine Crawler  
  102  12:54  Spine Crawler, Ultralisk x2  
  102  12:57  Zergling x10  
  102  12:58  Zergling x2  
  104  12:59  Drone x2  
  104  13:04  Chitinous Plating  
  102  13:08  Greater Spire  
  102  13:09  Hydralisk x2  
  102  13:10  Zergling x4  
  102  13:11  Drone x2  
  102  13:12  Drone  
  111  13:14  Extractor  
  111  13:15  Extractor  
  108  13:41  Ultralisk  
  114  13:42  Ultralisk, Corruptor  
  114  13:44  Drone x2  
  114  13:45  Drone x4  
  123  13:56  Zerg Melee Weapons Level 2  
  114  14:06  Spine Crawler  
  114  14:09  Spine Crawler  
  92  14:11  Spine Crawler  
  92  14:12  Spine Crawler x2  
  89  14:18  Corruptor x3  
  89  14:20  Ultralisk  
  89  14:21  Zergling x10  
  103  14:30  Hydralisk  
  103  14:31  Hydralisk x2  
  105  14:33  Drone x3  
  112  14:44  Hatchery  
  111  14:47  Brood Lord  
  111  14:51  Brood Lord  
  111  14:52  Brood Lord  
  117  15:15  Ultralisk x2  
  117  15:19  Lurker x2  
  131  15:22  Lurker  
  131  15:28  Corruptor  
  134  15:42  Brood Lord  
  119  16:04  Corruptor x3  
  119  16:09  Zerg Flyer Weapons Level 1  
  111  16:22  Mutalisk  
  111  16:23  Mutalisk, Corruptor  
  111  16:24  Corruptor  
  107  16:46  Corruptor x4  
  115  16:59  Drone x3  
  118  17:07  Hatchery, Corruptor x5  
  97  17:29  Zergling x4  
  108  17:30  Zergling x14  
  103  17:43  Brood Lord x5  
  94  17:44  Corruptor  
  92  17:55  Brood Lord  
  94  18:04  Zerg Flyer Armor Level 1  
  94  18:07  Brood Lord  
  96  18:22  Hatchery  
  96  18:23  Brood Lord x2  
  100  18:27  Zergling x8  
  100  18:28  Zergling x10  
  99  18:42  Ultralisk  
  105  18:53  Drone x2  
  102  19:17  Corruptor x2  
  102  19:18  Corruptor x3  
  106  19:56  Hatchery  
  94  20:06  Hatchery  
  59  20:17  Corruptor x4  
  57  20:32  Drone x2  
  57  20:33  Drone  
Show
View Real Time Build Order
Export as new Build Order

Fahrengate Protoss - Winner!

Build Orders:  

Get SALT Encoding   

  12  0:01  Probe  
  13  0:13  Probe  
  14  0:18  Pylon  
  14  0:26  Probe  
  15  0:38  Probe  
  15  0:42  Gateway  
  16  0:48  Assimilator  
  16  0:50  Probe (Chrono Boost)  
  17  1:02  Probe (Chrono Boost)  
  18  1:06  Assimilator  
  18  1:08  Probe (Chrono Boost)  
  19  1:16  Probe (Chrono Boost)  
  20  1:19  Pylon  
  20  1:28  Probe (Chrono Boost)  
  21  1:36  Probe (Chrono Boost)  
  22  1:40  Cybernetics Core  
  22  1:43  Gateway  
  22  2:14  Pylon  
  22  2:17  Warp Gate  
  22  2:22  Gateway, Stalker (Chrono Boost)  
  24  2:24  Robotics Facility  
  24  2:29  Stalker (Chrono Boost)  
  27  2:51  Probe  
  27  2:59  Twilight Council  
  27  3:05  Stalker x2  
  31  3:13  Immortal  
  35  3:44  Stalker x2  
  39  3:51  Pylon  
  39  4:09  Stalker  
  41  4:19  Nexus  
  41  4:21  Pylon  
  41  4:26  Zealot  
  41  4:30  Zealot  
  43  4:51  Zealot x2  
  43  4:52  Zealot  
  49  5:03  Pylon  
  49  5:20  Pylon  
  49  5:21  Probe  
  50  5:27  Observer  
  51  5:33  Probe, Shield Battery  
  51  5:35  Pylon  
  52  5:37  Shield Battery  
  52  5:43  Probe (Chrono Boost)  
  52  5:46  Probe (Chrono Boost)  
  54  5:51  Charge (Chrono Boost)  
  54  5:55  Probe (Chrono Boost)  
  56  5:57  Probe (Chrono Boost)  
  56  6:01  Probe (Chrono Boost)  
  56  6:02  Probe (Chrono Boost)  
  58  6:10  Probe  
  59  6:11  Probe  
  59  6:16  Forge  
  60  6:24  Shield Battery  
  60  6:29  Robotics Bay  
  60  6:34  Probe x2  
  62  6:46  Probe  
  62  6:47  Probe, Protoss Ground Weapons Level 1 (Chrono Boost)  
  64  6:59  Probe x2, Assimilator  
  66  7:02  Assimilator  
  66  7:05  Pylon  
  66  7:11  Probe x2  
  66  7:14  Zealot x3  
  74  7:37  Gateway  
  74  7:38  Gateway  
  74  7:41  Gateway  
  74  7:48  Robotics Facility  
  74  7:59  Templar Archives  
  74  8:07  Probe x2  
  76  8:19  Probe, Colossus  
  83  8:28  Forge  
  83  8:37  Immortal  
  87  8:45  Extended Thermal Lance (Chrono Boost)  
  87  8:52  Protoss Ground Weapons Level 2 (Chrono Boost)  
  87  9:12  High Templar x3  
  93  9:17  Nexus  
  93  9:18  Pylon  
  93  9:19  Pylon  
  93  9:22  Assimilator  
  93  9:23  Pylon  
  93  9:24  Pylon  
  93  9:26  Assimilator  
  93  9:27  Pylon  
  93  9:29  Shield Battery, Archon, Pylon  
  93  9:39  High Templar  
  93  9:40  High Templar x2  
  93  9:42  Archon  
  93  9:44  Archon  
  99  9:47  Colossus  
  99  9:51  Zealot x3  
  111  10:09  Shield Battery  
  111  10:11  Shield Battery  
  111  10:12  Shield Battery  
  111  10:14  Gateway x2  
  111  10:21  Pylon  
  111  10:23  Probe x2  
  113  10:32  Sentry x3  
  113  10:33  Sentry  
  113  10:34  Sentry  
  113  10:35  Probe x2  
  125  10:47  Probe x2  
  127  10:53  Probe  
  127  10:56  Protoss Ground Armor Level 1 (Chrono Boost)  
  128  10:58  Colossus  
  128  10:59  Probe x2  
  128  11:00  Immortal  
  140  11:05  Probe  
  140  11:06  Gravitic Boosters (Chrono Boost)  
  141  11:17  Protoss Ground Weapons Level 3 (Chrono Boost)  
  141  11:30  Probe x3  
  144  11:42  Probe x3  
  147  11:54  Observer, Colossus  
  147  11:59  Zealot x5  
  164  12:05  Pylon  
  164  12:08  Pylon  
  164  12:11  Pylon  
  164  12:17  Pylon  
  164  12:21  Pylon  
  164  12:22  Pylon  
  164  12:30  Colossus, Zealot x6  
  164  12:31  Zealot x2  
  108  13:04  Zealot x5  
  108  13:05  Zealot x3  
  122  13:08  Colossus (Chrono Boost)  
  122  13:10  Protoss Ground Armor Level 2 (Chrono Boost)  
  128  13:24  Colossus (Chrono Boost)  
  128  13:25  High Templar x2  
  128  13:26  High Templar x2  
  142  13:29  Archon  
  142  13:30  Archon  
  142  13:43  Zealot x4  
  150  13:55  Colossus  
  154  14:11  Observer  
  155  14:37  High Templar x6  
  155  14:38  High Templar  
  169  15:00  Archon x2  
  169  15:01  Archon  
  169  15:11  Zealot x7  
  169  15:12  Zealot  
  185  15:28  Colossus x2  
  197  15:37  Psionic Storm  
  197  15:43  High Templar  
  197  15:45  Protoss Ground Armor Level 3 (Chrono Boost)  
  199  15:52  Nexus  
  199  15:54  Assimilator  
  199  15:59  Assimilator  
  199  16:03  Pylon  
  199  16:06  Pylon  
  199  16:10  Pylon  
  199  16:13  Pylon  
  181  16:52  Observer, Colossus  
  184  16:55  Zealot x4  
  184  16:56  Zealot x3  
  184  16:57  Zealot  
  198  17:13  Colossus  
  146  17:36  High Templar x2  
  146  17:37  High Templar x3  
  146  17:39  Zealot x3  
  146  17:41  Archon x2  
  146  17:43  Protoss Shields Level 1 (Chrono Boost)  
  156  17:58  Gateway  
  156  18:00  Gateway  
  156  18:01  Gateway  
  156  18:05  Gateway  
  156  18:06  Gateway  
  156  18:10  Pylon  
  156  18:13  Probe  
  156  18:15  Gateway  
  156  18:19  Gateway  
  157  18:24  Zealot x5  
  157  18:25  Zealot x3  
  169  18:48  Shield Battery  
  169  18:49  Shield Battery  
  169  18:51  Shield Battery  
  169  18:53  Shield Battery  
  169  18:56  Gateway x2  
  169  19:09  High Templar x6  
  181  19:11  Zealot x2  
  181  19:12  Zealot x5  
  181  19:13  Zealot x2  
  181  19:15  Archon x3  
  190  19:55  Stalker x5  
  190  19:56  Stalker  
  179  20:34  Pylon, Assimilator  
  179  20:44  Pylon  
  179  20:45  Pylon  
Show
View Real Time Build Order
Export as new Build Order

Squer Protoss - Winner!

Build Orders: 1 Gate Expand, Blink Stalkers 

Get SALT Encoding   

  12  0:00  Probe  
  13  0:12  Probe  
  14  0:18  Pylon  
  14  0:24  Probe (Chrono Boost)  
  15  0:36  Probe (Chrono Boost)  
  15  0:38  Gateway  
  16  0:46  Probe (Chrono Boost)  
  16  0:48  Assimilator  
  17  0:52  Probe  
  18  1:04  Probe  
  19  1:16  Probe  
  20  1:25  Nexus  
  20  1:37  Cybernetics Core  
  20  1:38  Probe  
  21  1:45  Assimilator  
  21  1:53  Probe  
  21  1:59  Pylon  
  21  2:05  Probe  
  22  2:15  Adept (Chrono Boost)  
  22  2:18  Shield Battery  
  22  2:20  Probe  
  25  2:29  Shield Battery  
  25  2:31  Pylon  
  25  2:32  Probe  
  26  2:38  Warp Gate  
  26  2:39  Probe  
  27  2:45  Probe, Gateway  
  28  2:57  Probe x2  
  30  3:09  Probe x2  
  30  3:10  Twilight Council  
  32  3:21  Probe x2  
  32  3:26  Sentry  
  36  3:33  Probe x2  
  38  3:41  Blink (Chrono Boost)  
  38  3:45  Probe x2  
  40  3:50  Gateway  
  40  3:57  Probe x2  
  40  3:59  Gateway  
  42  4:04  Pylon  
  42  4:09  Probe  
  44  4:10  Probe  
  44  4:16  Assimilator  
  44  4:18  Assimilator  
  44  4:21  Probe  
  44  4:22  Probe  
  46  4:30  Zealot x2  
  50  4:34  Probe x2  
  49  4:46  Probe x2  
  49  4:51  Stalker x2  
  49  4:52  Phoenix, Stalker  
  57  4:58  Probe x2  
  59  5:10  Probe x2  
  59  5:13  Robotics Facility  
  61  5:14  Pylon  
  61  5:22  Probe  
  61  5:27  Pylon  
  62  5:29  Pylon  
  62  5:32  Probe  
  62  5:34  Probe  
  64  5:41  Stalker x3  
  70  5:45  Probe  
  70  5:46  Probe  
  72  5:57  Probe  
  72  5:58  Probe  
  74  6:08  Robotics Bay  
  74  6:10  Probe x2  
  76  6:12  Pylon  
  76  6:18  Charge (Chrono Boost), Zealot  
  76  6:19  Zealot x3  
  76  6:20  Nexus  
  76  6:22  Probe x2  
  76  6:23  Assimilator  
  86  6:26  Assimilator, Robotics Bay  
  86  6:29  Pylon  
  86  6:31  Pylon, Forge  
  86  6:34  Probe  
  86  6:35  Probe  
  86  6:39  Pylon  
  88  6:46  Probe  
  90  6:47  Probe  
  90  6:58  Probe  
  90  6:59  Probe  
  90  7:00  Colossus (Chrono Boost)  
  90  7:01  Forge  
  92  7:02  Extended Thermal Lance (Chrono Boost)  
  92  7:03  Gateway  
  92  7:06  Gateway  
  98  7:10  Probe  
  98  7:15  Probe  
  100  7:16  Protoss Ground Weapons Level 1 (Chrono Boost)  
  100  7:22  Templar Archives, Probe, Protoss Ground Armor Level 1 (Chrono Boost)  
  101  7:24  Gateway  
  101  7:27  Probe  
  102  7:33  Probe  
  102  7:34  Probe  
  104  7:40  Zealot x3  
  104  7:41  Probe  
  111  7:46  Immortal (Chrono Boost)  
  111  7:50  Psionic Storm  
  115  8:00  Robotics Facility  
  115  8:03  Pylon  
  115  8:08  Probe  
  115  8:14  High Templar  
  115  8:15  High Templar x4  
  115  8:19  Zealot  
  127  8:22  Probe x2  
  127  8:26  Gravitic Boosters  
  129  8:27  Probe  
  129  8:31  Nexus  
  130  8:34  Assimilator  
  130  8:36  Photon Cannon  
  130  8:39  Shield Battery, Assimilator  
  130  8:41  Pylon  
  130  8:42  Photon Cannon, Pylon  
  130  8:44  Photon Cannon, Pylon  
  130  8:47  Photon Cannon  
  130  8:49  High Templar, Shield Battery  
  130  8:50  Zealot  
  130  8:51  Zealot x3  
  140  9:00  Observer  
  145  9:04  Immortal (Chrono Boost)  
  145  9:10  Pylon  
  145  9:12  Pylon x2  
  145  9:13  Pylon  
  145  9:22  Photon Cannon  
  145  9:24  Shield Battery  
  145  9:25  Immortal (Chrono Boost)  
  145  9:27  Photon Cannon  
  149  9:31  Shield Battery  
  149  9:33  Photon Cannon  
  149  9:37  Probe  
  150  9:42  Probe x2  
  152  9:46  Stalker x6  
  152  9:48  Protoss Ground Weapons Level 2 (Chrono Boost)  
  164  10:29  Zealot x5  
  164  10:30  Zealot x2  
  164  10:32  Probe  
  179  10:37  Gateway  
  179  10:38  Probe, Gateway  
  179  10:40  Gateway x2  
  179  10:42  Gateway  
  180  10:44  Gateway  
  180  10:47  Probe  
  180  10:48  Nexus  
  181  10:52  High Templar x7, Assimilator  
  181  10:56  Assimilator  
  195  10:58  Archon x3  
  195  10:59  Pylon  
  195  11:01  Pylon, Protoss Ground Armor Level 2 (Chrono Boost)  
  195  11:03  Pylon  
  195  11:04  Observer (Chrono Boost)  
  196  11:36  Photon Cannon  
  196  11:37  Photon Cannon  
  196  11:38  Shield Battery  
  196  11:40  Pylon  
  196  11:41  Pylon, Shield Battery  
  196  11:42  Photon Cannon  
  196  11:43  Pylon  
  196  11:46  Pylon  
  195  11:51  Observer  
  195  11:53  Observer  
  109  12:46  Zealot x3  
  109  12:47  Zealot x10  
  109  12:48  Immortal x2 (Chrono Boost)  
  109  12:49  Protoss Ground Weapons Level 3 (Chrono Boost)  
  123  13:13  High Templar  
  123  13:14  High Templar x12  
  149  13:20  Archon x3  
  149  13:21  Archon x3  
  149  13:29  Immortal (Chrono Boost)  
  149  13:31  Observer (Chrono Boost)  
  151  13:44  Colossus (Chrono Boost)  
  151  13:48  Zealot x5  
  159  13:49  Zealot x4  
  159  13:50  High Templar x4  
  177  14:00  Archon  
  177  14:02  Archon  
  165  14:15  Stalker  
  165  14:16  Stalker x8  
  171  14:29  Zealot  
  171  14:30  Zealot  
  171  14:31  Zealot x2  
  170  14:46  Zealot x2  
  170  14:47  Zealot x4  
  174  15:04  Probe x2  
  176  15:12  Pylon  
  176  15:15  Pylon  
  176  15:17  Pylon, Immortal (Chrono Boost)  
  184  15:21  Pylon, Immortal (Chrono Boost)  
  184  15:27  High Templar x7, Twilight Council  
  198  15:32  Pylon  
  198  15:35  Pylon  
  148  16:16  Colossus (Chrono Boost)  
  143  16:24  Zealot x4  
  143  16:25  Zealot x7  
  171  16:36  Observer (Chrono Boost)  
  172  16:41  Protoss Ground Armor Level 3 (Chrono Boost)  
  172  16:46  Pylon  
  172  16:52  Gateway  
  172  16:54  Gateway  
  172  16:57  Zealot  
  172  16:58  Zealot x7  
  172  16:59  Gateway, High Templar x3  
  194  17:03  Colossus  
  196  17:37  Stalker  
  196  17:38  Stalker  
  194  18:24  Observer x2  
  180  18:45  Immortal  
  146  19:09  Stalker x4  
  138  19:10  Stalker x9  
  138  19:11  Stalker  
  148  19:24  Stargate  
  148  19:26  Stargate  
  148  19:27  Stargate  
  148  19:30  Stargate  
  148  19:35  Stalker x9  
  148  19:36  Nexus, Stalker x5  
  176  19:40  Assimilator  
  176  19:45  Assimilator  
  176  19:48  Pylon  
  176  19:50  Pylon  
  176  19:52  Pylon  
  176  19:54  Pylon  
  162  20:14  Zealot  
  162  20:15  Zealot x9  
  162  20:16  Zealot x4  
Tags
 
Add a new tag
Caveats
  • Supply blocks, unpowered buildings, or Contaminate may cause inaccurate times.
  • Supply counts are checked every 10 seconds.